[Event "Titled Tuesday Blitz June 27 Early 2023"]
[White "Nogerbek, Kazybek"]
[Black "Gogolev, Artem"]
[WhiteFideId "13710427"]
[BlackFideId "4116615"]
[WhiteElo "2892"]
[BlackElo "2510"]
[Result "1-0"]
[Round "1"]
[TimeControl "180+2"]
[Date "2023.06.27"]
[WhiteClock "0:00:08"]
[BlackClock "0:00:15"]
[Board "43"]

1. e4 c5 2. Nf3 Nf6 3. Nc3 d5 4. Bb5+ Bd7 5. e5 Bxb5 6. Nxb5 a6 7. Nc3 d4 8. exf6 dxc3 9. bxc3 exf6 10. O-O Be7 11. a4 O-O 12. Rb1 Qd7 13. d3 Nc6 14. Nd2 Na5 15. Re1 Rfe8 16. Ra1 f5 17. Nf3 Bf6 18. Bd2 b5 19. axb5 axb5 20. Rxe8+ Qxe8 21. Ra2 Nc6 22. Rxa8 Qxa8 23. Qb1 Qa4 24. g3 g6 25. Kg2 h5 26. h4 Kg7 27. Qc1 Ne5 28. Ng1 Qa8+ 29. f3 Qa2 30. Ne2 Qa8 31. Ng1 Qa2 32. Kf1 Qd5 33. Qd1 Nc6 34. Nh3 Ne5 35. Kg2 c4 36. d4 Nc6 37. Nf4 Qd6 38. Be3 b4 39. cxb4 Nxb4 40. c3 Nd5 41. Nxd5 Qxd5 42. Qd2 Be7 43. Bf4 Bd6 44. Bxd6 Qxd6 45. Qe2 Kf6 46. Qxc4 Qa3 47. Qd3 Qb2+ 48. Kh3 Qc1 49. Kg2 Qb2+ 50. Kf1 Qc1+ 51. Ke2 Qg1 52. f4 Ke7 53. c4 Qg2+ 54. Kd1 Qg1+ 55. Kc2 Kd7 56. Kb3 Qa1 57. c5 Kc6 58. Qf3+ Kc7 59. Qd3 Kc6 60. Qc4 Qb1+ 61. Ka4 Qa1+ 62. Kb4 Qb2+ 63. Ka5 Qa3+ 64. Qa4+ Qxa4+ 65. Kxa4 1-0


[Site "https://www.chess.com"]

[Event "Titled Tuesday Blitz June 27 Early 2023"]
[White "Kirillov, Dmitry"]
[Black "Chigaev, Maksim"]
[WhiteFideId "34180572"]
[BlackFideId "4108116"]
[WhiteElo "2509"]
[BlackElo "2882"]
[Result "0-1"]
[Round "1"]
[TimeControl "180+2"]
[Date "2023.06.27"]
[WhiteClock "0:00:02"]
[BlackClock "0:00:42"]
[Board "44"]

1. d4 Nf6 2. c4 g6 3. Nc3 Bg7 4. e4 d6 5. Be2 O-O 6. Be3 e5 7. d5 Na6 8. h4 Nc5 9. Qc2 Qe8 10. b4 Ncxe4 11. Nxe4 Nxe4 12. h5 f5 13. hxg6 hxg6 14. Nh3 a5 15. b5 Qe7 16. O-O-O f4 17. Qxe4 Bf5 18. Qf3 fxe3 19. Qxe3 e4 20. Ng5 Qe5 21. Kd2 Rae8 22. Ke1 Qc3+ 23. Qxc3 Bxc3+ 24. Kf1 e3 25. f3 Bd2 26. g3 Bc2 27. Kg2 Bxd1 28. Rxd1 Re7 29. Ne6 Rc8 30. a4 c6 31. dxc6 bxc6 32. f4 Rxe6 0-1


[Site "https://www.chess.com"]

[Event "Titled Tuesday Blitz June 27 Early 2023"]
[White "Zhigalko, Sergei"]
[Black "Principe, Gerson"]
[WhiteFideId "13502956"]
[BlackFideId "3804550"]
[WhiteElo "2882"]
[BlackElo "2508"]
[Result "1-0"]
[Round "1"]
[TimeControl "180+2"]
[Date "2023.06.27"]
[WhiteClock "0:00:18"]
[BlackClock "0:00:00"]
[Board "45"]

1. e4 c5 2. Nf3 e6 3. c3 d5 4. e5 Ne7 5. d4 Nec6 6. Bd3 Be7 7. O-O Nd7 8. Re1 a6 9. Be3 b5 10. Nbd2 Bb7 11. Nf1 h5 12. Rc1 c4 13. Bc2 g5 14. N3d2 Qc7 15. f4 gxf4 16. Bxf4 O-O-O 17. Ng3 h4 18. Nh5 Rdg8 19. Rf1 Nd8 20. Qf3 Nf8 21. Nf6 Bxf6 22. exf6 Qb6 23. h3 Ng6 24. Bh2 Nc6 25. Kh1 Qd8 26. Rce1 Qf8 27. Bxg6 Rxg6 28. Qf4 Qd8 29. Re2 Rhh6 30. Ref2 Qb6 31. b4 Qd8 32. a3 Qd7 33. Rf3 Qd8 34. R1f2 Qd7 35. Nf1 Qd8 36. Ne3 Rh5 37. Ng4 Rf5 38. Qe3 Rxf3 39. Qxf3 Qd7 40. Qf4 Qd8 41. Rf1 Qd7 42. Ra1 Qd8 43. a4 Qd7 44. a5 Kd8 45. Rf1 Ke8 46. Qf2 Qd8 47. Qxh4 Kd7 48. Qg3 1-0


[Site "https://www.chess.com"]

[Event "Titled Tuesday Blitz June 27 Early 2023"]
[White "Eynullayev, Altay"]
[Black "Bacrot, Etienne"]
[WhiteFideId "13413562"]
[BlackFideId "605506"]
[WhiteElo "2506"]
[BlackElo "2879"]
[Result "0-1"]
[Round "1"]
[TimeControl "180+2"]
[Date "2023.06.27"]
[WhiteClock "0:00:12"]
[BlackClock "0:00:04"]
[Board "46"]

1. e4 c5 2. Nf3 d6 3. d4 cxd4 4. Nxd4 Nf6 5. Nc3 Nc6 6. Bg5 e6 7. Bb5 Bd7 8. Qd3 Qb6 9. O-O-O Nxd4 10. Bxd7+ Nxd7 11. Qxd4 Qxd4 12. Rxd4 a6 13. Rhd1 Rc8 14. Kb1 h5 15. h4 Rc6 16. f3 Be7 17. Bxe7 Kxe7 18. Ne2 Rhc8 19. c3 Ne5 20. Nf4 g6 21. Nh3 Nc4 22. Ng5 Rb6 23. b3 Ne3 24. R1d3 e5 25. Rxe3 exd4 26. cxd4 Rbc6 27. Re2 Rc1+ 28. Kb2 Rd1 29. d5 Rcc1 30. Nh3 Re1 31. Rd2 Rb1+ 32. Ka3 Red1 33. Rc2 Rdc1 34. Re2 Rc5 35. Nf4 Rd1 36. Kb2 a5 37. Nh3 b5 38. Ng5 b4 39. e5 Rcxd5 40. exd6+ Kxd6 41. Nxf7+ Kc7 42. Rc2+ Kb7 43. Nh8 Rd6 44. Nf7 R6d2 45. Ne5 Rxc2+ 46. Kxc2 Rg1 47. g4 hxg4 48. fxg4 Kc7 49. Nxg6 Rxg4 50. h5 Rg2+ 51. Kd3 Rxa2 52. Kc4 Rh2 53. Nf4 Rh4 0-1


[Site "https://www.chess.com"]

[Event "Titled Tuesday Blitz June 27 Early 2023"]
[White "Seo, Jung Min"]
[Black "Cesar Maestre, Bernardo"]
[WhiteFideId "1734687"]
[BlackFideId "24542547"]
[WhiteElo "2878"]
[BlackElo "2506"]
[Result "1-0"]
[Round "1"]
[TimeControl "180+2"]
[Date "2023.06.27"]
[WhiteClock "0:01:45"]
[BlackClock "0:00:31"]
[Board "47"]

1. d4 Nf6 2. Nf3 d5 3. g3 c5 4. Bg2 cxd4 5. O-O e6 6. Nxd4 Be7 7. c4 O-O 8. cxd5 exd5 9. Nc3 Nc6 10. b3 Qb6 11. Nxc6 bxc6 12. e3 Bg4 13. Qd2 Rfd8 14. Na4 Qb4 15. Qxb4 Bxb4 16. Bb2 Nd7 17. Rfc1 Rac8 18. a3 Bd6 19. b4 Be6 20. Bd4 Rc7 21. Rc2 Rdc8 22. Rac1 a5 23. Nb6 axb4 24. Nxc8 Rxc8 25. axb4 Bxb4 26. Rxc6 Re8 27. Rc8 Rxc8 28. Rxc8+ Bf8 29. Rc1 f6 30. Rd1 Kf7 31. Ba7 1-0


[Site "https://www.chess.com"]

[Event "Titled Tuesday Blitz June 27 Early 2023"]
[White "Pham, Le Thao Nguyen"]
[Black "Galchenko, Matvey"]
[WhiteFideId "12401226"]
[BlackFideId "24175480"]
[WhiteElo "2502"]
[BlackElo "2872"]
[Result "0-1"]
[Round "1"]
[TimeControl "180+2"]
[Date "2023.06.27"]
[WhiteClock "0:00:00"]
[BlackClock "0:01:57"]
[Board "48"]

1. d4 Nf6 2. c4 c5 3. Nf3 cxd4 4. Nxd4 e5 5. Nb5 d5 6. cxd5 Bc5 7. N5c3 O-O 8. e3 e4 9. Be2 Re8 10. a3 Nbd7 11. Nd2 Qe7 12. b4 Bd6 13. Bb2 Nb6 14. O-O a6 15. Nb3 Qe5 16. g3 Qg5 17. Nc5 h5 18. h4 Qg6 19. Qe1 Bh3 20. Rd1 Re7 21. Rd2 Rd8 22. Nb3 Be5 23. Nd4 Nbxd5 24. Nxd5 Rxd5 25. Qd1 Bxg3 0-1


[Site "https://www.chess.com"]

[Event "Titled Tuesday Blitz June 27 Early 2023"]
[White "Samadov, Read"]
[Black "Mattheii"]
[WhiteFideId "13417444"]
[WhiteElo "2872"]
[BlackElo "2501"]
[Result "1-0"]
[Round "1"]
[TimeControl "180+2"]
[Date "2023.06.27"]
[WhiteClock "0:02:27"]
[BlackClock "0:01:14"]
[Board "49"]

1. d4 Nf6 2. c4 e6 3. Nf3 b6 4. g3 Ba6 5. Qc2 Bb7 6. Bg2 c5 7. d5 exd5 8. cxd5 Nxd5 9. O-O Be7 10. Rd1 Qc8 11. a3 Nf6 12. Nc3 O-O 13. Bg5 d6 14. Bxf6 Bxf6 15. Ne4 Bxe4 16. Qxe4 Nc6 17. Rxd6 Ne7 18. Rxf6 1-0


[Site "https://www.chess.com"]

[Event "Titled Tuesday Blitz June 27 Early 2023"]
[White "Vovk, Orest"]
[Black "Ibarra Jerez, Jose Carlos"]
[WhiteFideId "14113490"]
[BlackFideId "2226332"]
[WhiteElo "2501"]
[BlackElo "2870"]
[Result "0-1"]
[Round "1"]
[TimeControl "180+2"]
[Date "2023.06.27"]
[WhiteClock "0:00:04"]
[BlackClock "0:00:36"]
[Board "50"]

1. g4 d5 2. h3 e5 3. Bg2 c6 4. d4 e4 5. c4 Bd6 6. Nc3 Ne7 7. Qb3 Bc7 8. Bg5 f6 9. Bd2 f5 10. Bg5 Ba5 11. cxd5 cxd5 12. Bxe7 Kxe7 13. gxf5 Nc6 14. Kf1 Bxc3 15. Qxc3 Bxf5 16. e3 Rc8 17. Ne2 Rf8 18. Qb3 Na5 19. Qa3+ Kf7 20. Ng3 Be6 21. b3 Kg8 22. Kg1 Rc2 23. Rf1 Qc7 24. Nh5 g5 25. h4 g4 26. Nf4 Rxf4 27. exf4 Nc6 28. Rc1 Rd2 29. Rh2 Qxf4 30. Bf1 Nxd4 31. Qe7 Nf3+ 0-1


[Site "https://www.chess.com"]

[Event "Titled Tuesday Blitz June 27 Early 2023"]
[White "Drygalov, Sergey"]
[Black "Molenda, Marcin"]
[WhiteFideId "24171743"]
[BlackFideId "1173065"]
[WhiteElo "2867"]
[BlackElo "2500"]
[Result "1-0"]
[Round "1"]
[TimeControl "180+2"]
[Date "2023.06.27"]
[WhiteClock "0:00:20"]
[BlackClock "0:00:02"]
[Board "51"]

1. d4 d5 2. c4 dxc4 3. Nf3 Nf6 4. e3 a6 5. Bxc4 e6 6. O-O c5 7. Re1 b5 8. Bf1 Bb7 9. a4 Qb6 10. Nc3 b4 11. a5 Qc7 12. Na4 Nbd7 13. Bd2 cxd4 14. Nxd4 Qxa5 15. Nb3 Qh5 16. Qxh5 Nxh5 17. Na5 Be4 18. f3 Bg6 19. Rac1 Bd6 20. Rc6 Be7 21. e4 O-O 22. e5 Rfc8 23. Rec1 Rd8 24. Nb7 Rdb8 25. Rc7 Ra7 26. Na5 Rxc7 27. Rxc7 Bd8 28. Rxd7 Bxa5 29. g4 f5 30. gxh5 Be8 31. Rd6 Bxa4 32. Bc4 Bb6+ 33. Kg2 a5 34. Bxe6+ Kf8 35. Bxf5 Bc7 36. Rd5 Rb5 37. Rxb5 Bxb5 38. f4 Bb6 39. Bxh7 Bd4 40. b3 Bc6+ 41. Kg3 Bd5 42. Bc2 Ke7 43. Kg4 Kf7 44. Kg5 Be6 45. h6 gxh6+ 46. Kxh6 Bd5 47. Kg5 a4 48. bxa4 b3 49. Bb1 Bc6 50. a5 Bf3 51. h4 Bd1 52. h5 Bb2 53. a6 Bc2 54. Bxc2 bxc2 55. a7 c1=Q 56. Bxc1 Bxc1 57. a8=Q Ba3 58. Qxa3 1-0


[Site "https://www.chess.com"]

[Event "Titled Tuesday Blitz June 27 Early 2023"]
[White "Shuvalov, Evgenij"]
[Black "Shubin, Kirill"]
[WhiteFideId "4187237"]
[BlackFideId "34119962"]
[WhiteElo "2499"]
[BlackElo "2865"]
[Result "0-1"]
[Round "1"]
[TimeControl "180+2"]
[Date "2023.06.27"]
[WhiteClock "0:00:07"]
[BlackClock "0:00:22"]
[Board "52"]

1. d4 e6 2. e4 d5 3. Nc3 Bb4 4. e5 b6 5. a3 Bf8 6. f4 Nh6 7. Nf3 c5 8. Ne2 Nc6 9. c3 Ba6 10. h3 Nf5 11. b4 Bc4 12. g4 Nh4 13. Neg1 cxd4 14. cxd4 b5 15. Be3 a5 16. bxa5 Qxa5+ 17. Kf2 Nxf3 18. Nxf3 Bxa3 19. f5 b4 20. Bd3 Qb5 21. Ne1 O-O 22. f6 b3 23. fxg7 Rfb8 24. g5 Bxd3 25. Nxd3 b2 26. Rb1 Qc4 27. Nf4 Rb3 28. Rf1 Be7 29. Nh5 Rd3 30. Qf3 Nxd4 31. Nf6+ Bxf6 32. Qxf6 Nf5 33. Rfe1 Qc2+ 34. Kf3 Rxe3+ 35. Rxe3 Qxb1 0-1


[Site "https://www.chess.com"]

[Event "Titled Tuesday Blitz June 27 Early 2023"]
[White "Czerw, Dawid"]
[Black "Pichot, Alan"]
[WhiteFideId "1145746"]
[BlackFideId "110973"]
[WhiteElo "2494"]
[BlackElo "2859"]
[Result "0-1"]
[Round "1"]
[TimeControl "180+2"]
[Date "2023.06.27"]
[WhiteClock "0:00:05"]
[BlackClock "0:01:38"]
[Board "54"]

1. e4 c5 2. Nf3 e6 3. d4 cxd4 4. Nxd4 Nc6 5. Nc3 Qc7 6. Be3 a6 7. Qd2 Nf6 8. O-O-O Be7 9. f4 b5 10. Bd3 Bb7 11. Rhe1 Nb4 12. e5 Nfd5 13. Nxd5 Bxd5 14. a3 Nxd3+ 15. Qxd3 Rc8 16. g4 h5 17. h3 hxg4 18. hxg4 Rh3 19. Rd2 b4 20. axb4 Bxb4 21. c3 Qa5 22. f5 Bxc3 23. bxc3 Rxc3+ 24. Qxc3 Qxc3+ 25. Nc2 a5 26. Bd4 Qb3 27. f6 g5 28. Ree2 Rh1+ 29. Rd1 Rxd1+ 30. Kxd1 Bf3 0-1


[Site "https://www.chess.com"]

[Event "Titled Tuesday Blitz June 27 Early 2023"]
[White "Molina, Roberto Junio Brito"]
[Black "Aggelis, Nikolaos"]
[WhiteFideId "2109450"]
[BlackFideId "4213220"]
[WhiteElo "2857"]
[BlackElo "2491"]
[Result "1-0"]
[Round "1"]
[TimeControl "180+2"]
[Date "2023.06.27"]
[WhiteClock "0:00:10"]
[BlackClock "0:00:17"]
[Board "55"]

1. d4 f5 2. g3 Nf6 3. Bg2 g6 4. Nf3 Bg7 5. O-O d6 6. c4 O-O 7. Nc3 c6 8. d5 e5 9. dxe6 Bxe6 10. b3 Qc7 11. Nd4 Bf7 12. Bb2 Nbd7 13. e3 Rad8 14. Qc2 Nc5 15. Rad1 Rfe8 16. Rfe1 Nfe4 17. Nde2 Nxc3 18. Bxc3 Be5 19. Rd2 Ne4 20. Bxe4 fxe4 21. Red1 g5 22. Bxe5 Rxe5 23. Qc3 Qe7 24. g4 Bg6 25. Ng3 Qe6 26. h3 d5 27. Qb4 Qf7 28. cxd5 Rexd5 29. Rxd5 cxd5 30. Qd4 b6 31. Qe5 h6 32. Nf5 Bxf5 33. gxf5 Rd7 34. Rc1 Qf8 35. Rc6 Kh7 36. Re6 Qg7 37. f6 Qf7 38. Re7 Rxe7 39. fxe7 Qe8 40. Qf6 b5 41. b4 Kg8 42. Kg2 Qf7 43. Qe5 Qe8 44. a3 Kf7 45. Qxd5+ Kxe7 46. Qxe4+ Kf7 47. Qxe8+ Kxe8 48. Kf3 Ke7 49. Kg4 Kf6 50. Kh5 Kg7 51. f4 gxf4 52. exf4 Kh7 53. f5 Kg7 54. Kg4 Kf6 55. Kf4 h5 56. h4 Kf7 57. Kg5 a6 58. Kxh5 Kf6 59. Kg4 Ke5 60. Kg5 Kd4 61. f6 Kc4 62. f7 Kb3 63. f8=Q Kxa3 64. Qc5 Ka4 65. h5 a5 66. bxa5 Kxa5 67. h6 Ka4 68. h7 b4 69. h8=R b3 70. Rb8 b2 71. Qb4# 1-0


[Site "https://www.chess.com"]

[Event "Titled Tuesday Blitz June 27 Early 2023"]
[White "Erzhanov, Arman"]
[Black "Moroni, Luca Jr"]
[WhiteFideId "4138821"]
[BlackFideId "865834"]
[WhiteElo "2490"]
[BlackElo "2857"]
[Result "1-0"]
[Round "1"]
[TimeControl "180+2"]
[Date "2023.06.27"]
[WhiteClock "0:01:01"]
[BlackClock "0:01:39"]
[Board "56"]

1. e4 g6 2. d4 Bg7 3. g3 d6 4. Bg2 e5 5. Ne2 exd4 6. Nxd4 Ne7 7. O-O Nbc6 8. Be3 O-O 9. Nc3 Be6 10. h3 Nxd4 11. Bxd4 Bxd4 12. Qxd4 Nc6 13. Qd2 Qf6 14. Rad1 Rae8 15. Kh2 Qg7 16. f4 f5 17. Rfe1 Kh8 18. exf5 gxf5 19. Re3 Bd7 20. Rde1 Rg8 21. Qf2 Nd4 22. Bd5 Rgf8 23. Rxe8 Rxe8 24. Rxe8+ Bxe8 25. Nd1 c6 26. Bg2 Bd7 27. c3 Nb5 28. a4 Nc7 29. Qxa7 Bc8 30. Qb8 Qd7 31. Ne3 Na6 32. Qa8 Kg7 33. Qa7 Nc5 34. b4 Nb3 35. Nc4 Qe6 36. Nb6 Nd2 37. Nxc8 Qe2 38. Qd4+ Kf7 39. Nxd6+ Ke6 40. Qe5+ 1-0


[Site "https://www.chess.com"]

[Event "Titled Tuesday Blitz June 27 Early 2023"]
[White "Drozdowski, Kacper"]
[Black "Osmak, Yuliia"]
[WhiteFideId "1136720"]
[BlackFideId "14101602"]
[WhiteElo "2854"]
[BlackElo "2489"]
[Result "1-0"]
[Round "1"]
[TimeControl "180+2"]
[Date "2023.06.27"]
[WhiteClock "0:00:23"]
[BlackClock "0:00:00"]
[Board "57"]

1. e4 c6 2. d4 d5 3. Nc3 dxe4 4. Nxe4 Bf5 5. Ng3 Bg6 6. Nh3 e6 7. Nf4 Bd6 8. h4 Qc7 9. Nxg6 hxg6 10. Ne4 Bf4 11. Bxf4 Qxf4 12. Ng5 Nf6 13. g3 Qc7 14. c3 Nbd7 15. Bg2 Nb6 16. O-O O-O-O 17. Qe2 Rhe8 18. Rfe1 Kb8 19. a4 Nc8 20. a5 a6 21. Qe5 Nd6 22. b4 Rd7 23. Rad1 Nb5 24. Qc5 Red8 25. Bf3 Nd6 26. Kg2 Nf5 27. Rh1 Nd5 28. Rde1 Qd6 29. Qc4 Qf8 30. Qd3 Nf6 31. Qe2 Nd5 32. Ne4 Rc7 33. Qd2 Nd6 34. Nc5 Nf5 35. h5 gxh5 36. Rxh5 g6 37. Rh2 Qg7 38. Reh1 Nf6 39. Qe2 Ka7 40. Qe5 Rcc8 41. g4 Nd6 42. g5 Nfe8 43. Rh7 Qf8 44. Rh8 Qe7 45. R1h7 Nf5 46. Qf4 Ned6 47. Rxd8 Rxd8 48. Bg4 Qe8 49. Nd3 Nb5 50. Qc1 Rd7 51. Ne5 Rc7 52. Bxf5 exf5 53. Qe3 Ka8 54. c4 Nd6 55. Qf4 Re7 56. f3 Nc8 57. Qh4 Qd8 58. Rh8 Qc7 59. Rf8 Ka7 60. Qh8 Rxe5 61. Qxe5 Qxe5 62. dxe5 Ne7 63. Rxf7 1-0


[Site "https://www.chess.com"]

[Event "Titled Tuesday Blitz June 27 Early 2023"]
[White "Ginzburg, Yakov"]
[Black "Maximov, Dmitry"]
[WhiteFideId "4157176"]
[BlackFideId "14105659"]
[WhiteElo "2488"]
[BlackElo "2846"]
[Result "0-1"]
[Round "1"]
[TimeControl "180+2"]
[Date "2023.06.27"]
[WhiteClock "0:00:00"]
[BlackClock "0:01:18"]
[Board "58"]

1. e4 c5 2. Nf3 d6 3. d4 cxd4 4. Nxd4 Nf6 5. Nc3 Nc6 6. Bg5 e6 7. Qd2 Qb6 8. O-O-O Nxd4 9. Qxd4 Qxd4 10. Rxd4 a6 11. f4 h6 12. Bh4 Be7 13. Be2 g5 14. e5 dxe5 15. fxe5 gxh4 16. exf6 Bxf6 17. Rd3 Bd7 18. Bf3 O-O-O 19. Rhd1 b5 20. Bb7+ Kxb7 21. Rxd7+ Rxd7 22. Rxd7+ Kc6 23. Rxf7 Bg5+ 24. Kb1 Rd8 25. a4 Rd2 26. axb5+ axb5 27. Ra7 Kb6 28. Ra8 Rxg2 29. h3 Rh2 30. Rb8+ Kc7 31. Rxb5 Rxh3 32. Ne4 Rh1+ 33. Ka2 Rg1 34. Nf2 Rg2 35. Nh3 Rg3 36. Rb3 Be3 37. Rc3+ Kd7 38. Rd3+ Ke7 0-1


[Site "https://www.chess.com"]

[Event "Titled Tuesday Blitz June 27 Early 2023"]
[White "Bharath Subramaniyam H"]
[Black "NLLO777"]
[WhiteFideId "46634827"]
[WhiteElo "2841"]
[BlackElo "2488"]
[Result "1-0"]
[Round "1"]
[TimeControl "180+2"]
[Date "2023.06.27"]
[WhiteClock "0:00:48"]
[BlackClock "0:00:14"]
[Board "59"]

1. b3 Nf6 2. Bb2 g6 3. Nf3 Bg7 4. g3 O-O 5. Bg2 d6 6. d4 Nbd7 7. O-O c5 8. c4 Rb8 9. Nc3 a6 10. e4 b5 11. e5 Ne8 12. cxb5 axb5 13. dxc5 Nxc5 14. Nd5 Bb7 15. Rc1 Rc8 16. Re1 e6 17. Ne3 Qb6 18. b4 Na4 19. Bd4 Rxc1 20. Qxc1 Qa6 21. Ng4 dxe5 22. Bxe5 Bxe5 23. Nfxe5 Bxg2 24. Kxg2 h5 25. Nh6+ Kg7 26. Nhxf7 Rxf7 27. Nxf7 Qb7+ 28. Kg1 Qxf7 29. Qc6 Nc7 30. Re2 Nd5 31. Rxe6 Nxb4 32. Qd6 Nd3 33. Re7 Qxe7 34. Qxe7+ Kh8 35. Qd8+ 1-0


[Site "https://www.chess.com"]

[Event "Titled Tuesday Blitz June 27 Early 2023"]
[White "Baches Garcia, Guillermo"]
[Black "Grigoriants, Sergey"]
[WhiteFideId "2209764"]
[BlackFideId "4130804"]
[WhiteElo "2488"]
[BlackElo "2838"]
[Result "0-1"]
[Round "1"]
[TimeControl "180+2"]
[Date "2023.06.27"]
[WhiteClock "0:00:00"]
[BlackClock "0:00:08"]
[Board "60"]

1. e4 c6 2. d4 d5 3. e5 Bf5 4. h4 a6 5. Be3 h5 6. Bd3 Bxd3 7. Qxd3 e6 8. Nd2 Ne7 9. Ngf3 Nf5 10. Bg5 Qb6 11. Nb3 Nd7 12. O-O a5 13. a4 Bb4 14. c3 Be7 15. Nbd2 Bxg5 16. Nxg5 Nxh4 17. c4 Nf5 18. cxd5 Qxd4 19. Qxd4 Nxd4 20. dxe6 Nxe6 21. Nxe6 fxe6 22. f4 Ke7 23. Ne4 Nb6 24. f5 exf5 25. Rxf5 Nd5 26. Rg5 Rh7 27. Ra3 Rf8 28. Rag3 b6 29. Rxg7+ Rxg7 30. Rxg7+ Ke6 31. Rg6+ Kxe5 32. Ng3 h4 33. Ne2 Rf6 34. Rg4 Nf4 35. Nc3 Rg6 36. Rxh4 Rxg2+ 37. Kf1 Rxb2 38. Rh8 Kd4 39. Nd1 Rb1 40. Ke1 Nd3+ 41. Kf1 Nc5 42. Ke2 Ra1 43. Rh4+ Ke5 44. Rh5+ Kd6 45. Rh6+ Kc7 46. Nc3 Nxa4 47. Rh7+ Kd6 48. Rh6+ Kc7 49. Rh7+ Kb8 50. Ne4 Ra3 51. Nd6 Nc5 52. Nc4 Rb3 53. Nd6 a4 54. Rh8+ Kc7 55. Nc4 b5 56. Nd2 Rb2 57. Rh7+ Kb6 58. Kd1 a3 59. Rh3 b4 60. Nc4+ Kb5 61. Nxb2 a2 0-1


[Site "https://www.chess.com"]

[Event "Titled Tuesday Blitz June 27 Early 2023"]
[White "Erdogmus, Yagiz Kaan"]
[Black "Srebrnic, Marko"]
[WhiteFideId "44599790"]
[BlackFideId "14603616"]
[WhiteElo "2837"]
[BlackElo "2486"]
[Result "1-0"]
[Round "1"]
[TimeControl "180+2"]
[Date "2023.06.27"]
[WhiteClock "0:00:09"]
[BlackClock "0:00:07"]
[Board "61"]

1. e4 c5 2. Nf3 Nc6 3. d4 cxd4 4. Nxd4 e5 5. Nb5 d6 6. c4 Be7 7. N1c3 a6 8. Na3 Be6 9. Nc2 Bg5 10. Bxg5 Qxg5 11. Nd5 Bxd5 12. cxd5 Nd4 13. Nxd4 exd4 14. Qa4+ Ke7 15. Qxd4 Nf6 16. g3 Nd7 17. Be2 Rac8 18. f4 Qf6 19. Qd2 Rc5 20. O-O Rhc8 21. Bd1 Rc4 22. e5 dxe5 23. fxe5 Qb6+ 24. Kh1 f6 25. Bb3 Nxe5 26. Bxc4 Rxc4 27. Rad1 Kd6 28. b3 Rc5 29. Qd4 Qb5 30. Qe4 h6 31. Kg1 Rc3 32. Qf5 Qc5+ 33. Rf2 Rc1 34. Qe6+ Kc7 35. d6+ Kb8 36. Rxc1 Qxc1+ 37. Kg2 Qc6+ 38. Kh3 Nd7 39. Qe8+ Ka7 40. Qe3+ b6 41. Rd2 Qb5 42. Kg2 Qc6+ 43. Kf2 Qb5 44. Qe6 Qc5+ 45. Ke2 Qc6 46. Qd5 Qc3 47. Qc4 Qe5+ 48. Kd1 Qc5 49. Qxc5 bxc5 50. Re2 Kb6 51. Re7 Kc6 52. Rxg7 Kxd6 53. Rh7 Ke6 54. Rxh6 Ne5 55. Rh7 Nc6 56. Rb7 Kd6 57. Rb6 Kd5 58. Rxc6 f5 59. Rxa6 1-0


[Site "https://www.chess.com"]

[Event "Titled Tuesday Blitz June 27 Early 2023"]
[White "Koutlas, Nikolaos"]
[Black "Mardov, Dimitar"]
[WhiteFideId "25827138"]
[BlackFideId "30919495"]
[WhiteElo "2483"]
[BlackElo "2832"]
[Result "0-1"]
[Round "1"]
[TimeControl "180+2"]
[Date "2023.06.27"]
[WhiteClock "0:00:02"]
[BlackClock "0:00:11"]
[Board "62"]

1. Nf3 Nf6 2. g3 d5 3. Bg2 Bg4 4. O-O Nbd7 5. c4 e6 6. b3 Bd6 7. Bb2 O-O 8. Nc3 c6 9. d3 a5 10. h3 Bxf3 11. exf3 Bc7 12. f4 Re8 13. Re1 Bb6 14. f5 Bd4 15. fxe6 fxe6 16. Qd2 Nf8 17. Re2 Qd6 18. Rae1 Ba7 19. cxd5 exd5 20. Kh2 Rxe2 21. Nxe2 Bxf2 22. Rf1 Bb6 23. Qg5 N8d7 24. Nf4 Rf8 25. Re1 Bd8 26. Ne6 Qe7 27. Nxf8 Qxf8 28. Rf1 Qf7 29. Qf4 h6 30. Qd6 Qe7 31. Qxe7 Bxe7 32. h4 Nc5 33. Rf3 Ng4+ 34. Kh3 Nf6 35. Kh2 Kf7 36. Bh3 Ke8 37. Kg2 Na6 38. d4 Nb4 39. a3 Nc2 40. Rf2 Nxa3 41. Kf3 Nb5 42. Re2 Ne4 43. Bf5 Nbd6 44. Bxe4 Nxe4 45. Kf4 Kd7 46. g4 Bxh4 47. Kf5 Bf6 48. Kg6 b5 49. Re1 Kc7 50. Rf1 Kb6 51. Rc1 Kb7 52. Rf1 Nd2 53. Re1 Nxb3 54. Re6 a4 55. Rxf6 gxf6 56. Kxf6 Nd2 57. Kg6 Ne4 58. Kxh6 b4 59. g5 a3 60. Ba1 Nxg5 61. Kxg5 b3 62. Bc3 b2 63. Kf4 b1=Q 0-1


[Site "https://www.chess.com"]

[Event "Titled Tuesday Blitz June 27 Early 2023"]
[White "Fridman, Daniel"]
[Black "Dudzinski, Pawel"]
[WhiteFideId "11600454"]
[BlackFideId "1117890"]
[WhiteElo "2829"]
[BlackElo "2483"]
[Result "1-0"]
[Round "1"]
[TimeControl "180+2"]
[Date "2023.06.27"]
[WhiteClock "0:01:20"]
[BlackClock "0:00:00"]
[Board "63"]

1. d4 d5 2. Nf3 e6 3. g3 c5 4. Bg2 Nc6 5. O-O f5 6. c4 dxc4 7. Qa4 Bd7 8. dxc5 Bxc5 9. Qxc4 Qe7 10. Bg5 Nf6 11. Bxf6 gxf6 12. Nc3 O-O 13. Rac1 Rac8 14. e3 Ne5 15. Nxe5 fxe5 16. Qe2 e4 17. Rc2 a6 18. Rfc1 b5 19. Qh5 Bd6 20. Bf1 Be5 21. Nxe4 Bxb2 22. Rxc8 Bxc1 23. Rxc1 fxe4 24. Qg4+ Qg7 25. Qxe4 Qf6 26. Rc2 e5 27. Bd3 Qg7 28. Rc7 1-0


[Site "https://www.chess.com"]

[Event "Titled Tuesday Blitz June 27 Early 2023"]
[White "Kielinkei"]
[Black "Moiseenko, Alexander"]
[BlackFideId "14102560"]
[WhiteElo "2481"]
[BlackElo "2827"]
[Result "0-1"]
[Round "1"]
[TimeControl "180+2"]
[Date "2023.06.27"]
[WhiteClock "0:01:54"]
[BlackClock "0:02:05"]
[Board "64"]

1. Nf3 d5 2. g3 Nc6 3. d4 Bf5 4. c3 e6 5. Bg2 Bd6 6. Qb3 Rb8 7. O-O h5 8. h4 Nf6 9. Bg5 Qd7 10. Nbd2 Ne4 11. Nxe4 Bxe4 12. Rad1 f6 13. Bf4 Na5 0-1


[Site "https://www.chess.com"]

[Event "Titled Tuesday Blitz June 27 Early 2023"]
[White "Beerdsen, Thomas"]
[Black "Tokman, Ariel"]
[WhiteFideId "1030108"]
[BlackFideId "117420"]
[WhiteElo "2825"]
[BlackElo "2480"]
[Result "1-0"]
[Round "1"]
[TimeControl "180+2"]
[Date "2023.06.27"]
[WhiteClock "0:01:26"]
[BlackClock "0:00:24"]
[Board "65"]

1. e4 c5 2. Nf3 e6 3. d4 cxd4 4. Bg5 Qc7 5. Nxd4 a6 6. Nc3 b5 7. Bd3 Bb7 8. O-O d6 9. Re1 Be7 10. Qg4 Nf6 11. Qh4 Nbd7 12. Kh1 O-O 13. Re3 Ne5 14. f4 Ng6 15. Qg3 Nh5 16. Qg4 Bxg5 17. fxg5 Nhf4 18. Rf1 Nxd3 19. cxd3 b4 20. Nce2 d5 21. e5 Rac8 22. Qh5 Rfe8 23. Rh3 Nf8 24. g6 fxg6 25. Rxf8+ Kxf8 26. Qxh7 Qc1+ 27. Ng1 Rc7 28. Qxg6 Rf7 29. Rh8+ Ke7 30. Qxe6+ 1-0


[Site "https://www.chess.com"]

[Event "Titled Tuesday Blitz June 27 Early 2023"]
[White "Devaev, Alexander"]
[Black "Tsaruk, Maksim"]
[WhiteFideId "4169395"]
[BlackFideId "13511173"]
[WhiteElo "2479"]
[BlackElo "2825"]
[Result "1-0"]
[Round "1"]
[TimeControl "180+2"]
[Date "2023.06.27"]
[WhiteClock "0:00:11"]
[BlackClock "0:00:04"]
[Board "66"]

1. Nf3 Nf6 2. c4 e6 3. Nc3 d5 4. d4 c5 5. cxd5 Nxd5 6. e3 Nxc3 7. bxc3 Nc6 8. Bd3 Be7 9. Qc2 h6 10. O-O O-O 11. Qe2 b6 12. Bb2 Bb7 13. e4 Bf6 14. Qe3 cxd4 15. cxd4 Nb4 16. Bb1 Rc8 17. Qd2 a5 18. Re1 Bg5 19. Nxg5 Qxg5 20. f4 Qg4 21. a3 Nc6 22. Bc2 Rfd8 23. Rad1 f5 24. d5 Ne7 25. Qf2 fxe4 26. h3 Qh5 27. Rxe4 Bxd5 28. Re5 Qf7 29. Rde1 Nf5 30. Bxf5 exf5 31. Re7 Qg6 32. Rxg7+ Qxg7 33. Bxg7 Kxg7 34. Qd4+ Kg6 35. Qxb6+ Kg7 36. Qa7+ Bf7 37. Qf2 Rd3 38. Re3 Rc1+ 39. Kh2 Rdd1 40. Qb2+ Kg6 41. Rg3+ Kh5 42. Qe2+ Kh4 43. Rg4+ fxg4 44. Qxg4# 1-0


[Site "https://www.chess.com"]